[Event "GER-ch Youth-U18 2022"]
[Site "Willingen"]
[Date "2022.06.06"]
[Round "3.6"]
[White "Weidemann, Jakob"]
[Black "Dahl, Christoph"]
[Result "0-1"]
[ECO "B94"]
[WhiteElo "2047"]
[BlackElo "2368"]
[Annotator "TA"]
[PlyCount "90"]
[EventDate "2022.06.05"]
[EventType "swiss"]
[EventRounds "9"]
[EventCountry "GER"]
[SourceTitle "playchess.com"]
[Source "ChessBase"]
[SourceQuality "1"]
[TimeControl "40/4500+30:900+30"]

1. e4 c5 2. Nf3 d6 3. d4 cxd4 4. Nxd4 Nf6 5. Nc3 a6 6. Bg5 Nbd7 7. f4 Qc7 8. Qf3 {[%emt 0:00:00] B94: Sicilian Najdorf: 6 Bg5 Nbd7.} b5 {[%emt 0:00:00] Nowadays more popular than 8...h6.} 9. O-O-O {[%emt 0:00:00] Black should prevent Bxf6.} Bb7 10. Bd3 {[%emt 0:00:00] The position is equal.} g6 11. Rhe1 Bg7 12. Qg3 {[%emt 0:14:46] [#]} ({Better is} 12. Nd5 $11 Nxd5 13. exd5) 12... O-O $146 {[%emt 0:01:08] ...b4 is the strong threat.} ({Predecessor:} 12... e5 13. fxe5 dxe5 14. Rf1 b4 15. Nce2 Nxe4 16. Bxe4 Bxe4 17. Rxf7 Bf8 18. Rxd7 {1-0 (18) Vignalou,J (1732)-Beaudry,M (1848) Longueuil 2019}) 13. f5 {[%emt 0:20:39] [#]} ({White should play} 13. a3 $15) 13... Rfc8 (13... b4 $1 $19 14. Na4 Qa5) 14. a3 Nc5 (14... Ne5 $17 {[%cal Ob5b4] aiming for ...b4!} 15. Qh4 Rab8) 15. Kb1 Qb6 (15... Rab8 $1 $15) 16. Qf2 $2 {[%emt 0:11:08][%mdl 8192] Black keeps a firm grip on the game.} (16. fxg6 $1 $11 hxg6 17. Bxf6 Bxf6 18. Nd5 Bxd5 19. exd5) 16... Nxd3 17. Rxd3 Rc4 {[%emt 0:03:50] White must now prevent ...b4.} 18. Qd2 Rac8 19. Bxf6 Bxf6 {[%emt 0:00:15] A strong pair of Bishops.} 20. Rd1 $2 (20. Nb3 {might work better.}) 20... b4 $19 21. Na4 (21. axb4 $142 Rxb4 22. Nb3) 21... Qc7 22. Qe2 Bxd4 23. Rxd4 Rxc2 24. R1d2 Rc1+ ({Worse is} 24... b3 25. Nc3 $17) 25. Ka2 bxa3 26. bxa3 (26. b3) 26... Bc6 27. Nb2 Bb5 28. Qe3 Qb6 29. Qb3 {[%emt 0:00:58] Against Bc4} R8c3 30. Na4 Rxb3 {[%emt 0:00:53] Dancing on a razor blade.} ({Not} 30... Bc4 31. Nxb6 Bxb3+ 32. Kb2 $15) 31. Nxb6 {[%emt 0:00:10] [#]} Rcc3 32. a4 (32. Rb4 {was the crucial defense.} Rxb4 33. axb4) 32... Bd3 {[%emt 0:00:30] ( -> ...Ra3+)} 33. Nc4 {[%emt 0:01:17] Inhibits Ra3+.} Bxc4 34. Rxc4 Rxc4 35. Kxb3 Rxe4 {[%emt 0:00:08][%mdl 4096] Endgame KR-KR} 36. f6 Kf8 37. Rc2 exf6 38. Rc6 a5 39. Rxd6 Kg7 40. Rd5 Re5 41. Rd2 f5 42. Rf2 g5 43. Kc4 Kg6 {[%emt 0:00:23] And now ...f4 would win.} 44. Rd2 f4 45. Kd4 Kf5 {[%emt 0:00:19] Weighted Error Value: White=0.69/Black=0.36} 0-1

[Event "GER-ch Youth-U18 2022"]
[Site "Willingen"]
[Date "2022.06.06"]
[Round "3.7"]
[White "Bornholdt, Joa Max"]
[Black "Musiolik, David"]
[Result "0-1"]
[ECO "D31"]
[WhiteElo "2155"]
[BlackElo "2220"]
[Annotator "TA"]
[PlyCount "92"]
[EventDate "2022.06.05"]
[EventType "swiss"]
[EventRounds "9"]
[EventCountry "GER"]
[SourceTitle "playchess.com"]
[Source "ChessBase"]
[SourceQuality "1"]
[TimeControl "40/4500+30:900+30"]

1. d4 d5 2. c4 e6 3. Nc3 a6 4. cxd5 exd5 5. Nf3 c6 6. Qc2 {[%emt 0:00:00] D31: Queen's Gambit Declined: Semi-Slav without ...Nf6 (+ Marshall Gambit and Noteboom) and Exchange Variation lines without ...Nf6.} Bd6 7. e4 dxe4 8. Nxe4 {[%emt 0:00:00] The position is equal.} Bb4+ 9. Nc3 Nf6 {[%emt 0:03:18] [#]} 10. Bg5 $146 ({Predecessor:} 10. a3 Bd6 11. Bc4 Qe7+ 12. Be3 Be6 13. Bxe6 {½-½ (13) Cvitan,O (2470)-Kambrath,Y (2397) Cattolica 2021}) 10... O-O 11. O-O-O Be6 12. Bd3 h6 13. h4 (13. Bxf6 $5 Qxf6 14. Kb1 $11) 13... Nbd7 (13... hxg5 $2 14. hxg5 g6 15. Bxg6 $18) 14. Bf5 Bxf5 15. Qxf5 Qa5 (15... hxg5 16. hxg5 g6 17. Qh3 $16) 16. Qc2 Rfe8 (16... hxg5 $6 17. hxg5 Bxc3 18. bxc3 $11) 17. Bxf6 Nxf6 ({Much worse is} 17... gxf6 $6 18. a3 Bxc3 19. Qxc3 $11) 18. Ne5 c5 19. Nc4 Qc7 20. d5 (20. Ne3 $17) 20... Qf4+ $19 21. Ne3 Bxc3 22. bxc3 Ne4 23. Rh3 Qxf2 ({And not} 23... Nxf2 24. Rf3 Qxh4 25. g3 Nxd1 26. gxh4 Nxe3 27. Qf2 $11) 24. Rf3 (24. Rf1 $142 Qxc2+ 25. Kxc2) 24... Qxc2+ (24... Qxh4 $19 {and Black stays clearly on top. And now ...Rad8 would win.} 25. Kb2 Qg5) 25. Kxc2 $17 Nd6 26. Nf5 Rad8 27. Nxd6 Rxd6 {[%emt 0:00:05][%mdl 4096] Endgame KRR-KRR} 28. Rfd3 (28. g3 $17 {is a better defense.}) 28... Re4 $19 29. g3 b5 30. Kd2 (30. R3d2 $142) 30... c4 31. Rd4 Rxd4+ 32. cxd4 {[%emt 0:00:04] KR-KR} b4 ({Not} 32... Rxd5 $2 33. Kc3 $19) 33. Ke3 $2 (33. Rc1 c3+ 34. Kd3) 33... Rxd5 34. Ke4 Rd7 35. d5 c3 36. Kd4 Kf8 37. Kc5 a5 {[%emt 0:00:19][%cal Ba6a5,Ba5a4,Ba4b3,Bb3b2][%mdl 32] aiming for ...Ke7.} 38. Kc6 $2 (38. d6 {nothing else works.}) 38... Ke8 {[%emt 0:01:15] White must now prevent ...a4.} 39. d6 a4 40. Re1+ Kd8 41. Kc5 (41. Kb5 $142 Rxd6 42. Kxb4) 41... Rb7 {[%emt 0:00:00] Threatens to win with ...b3.} 42. Kc6 {[%emt 0:00:00] [#]} b3 $1 {[%emt 0:00:00] Black mates.} 43. axb3 {[%emt 0:00:00] [#]} axb3 $1 44. Ra1 Rb8 45. d7 b2 46. Re1 {[%emt 0:00:00] [#]} Rb6+ $3 {[%emt 0:00:00][%mdl 512] Weighted Error Value: White=0.62/Black=0.27 (precise)} 0-1

[Event "GER-ch Youth-U18 2022"]
[Site "Willingen"]
[Date "2022.06.06"]
[Round "3.8"]
[White "Hassemeier, Mika"]
[Black "Geltz, Noah"]
[Result "1/2-1/2"]
[ECO "D31"]
[WhiteElo "2127"]
[BlackElo "2156"]
[Annotator "TA"]
[PlyCount "45"]
[EventDate "2022.06.05"]
[EventType "swiss"]
[EventRounds "9"]
[EventCountry "GER"]
[SourceTitle "playchess.com"]
[Source "ChessBase"]
[SourceQuality "1"]
[TimeControl "40/4500+30:900+30"]

1. d4 d5 2. c4 e6 3. Nc3 a6 4. cxd5 exd5 5. Bf4 c6 6. e3 {[%emt 0:00:00] D31: Queen's Gambit Declined: Semi-Slav without ...Nf6 (+ Marshall Gambit and Noteboom) and Exchange Variation lines without ...Nf6.} Bd6 7. Bxd6 Qxd6 8. Bd3 {[%emt 0:00:00] White has an edge.} Ne7 9. Qc2 g6 10. Nge2 Bf5 11. f3 Bxd3 12. Qxd3 Nd7 {[%emt 0:08:49] [#]} 13. e4 $146 ({Predecessor:} 13. O-O-O O-O-O 14. e4 dxe4 15. fxe4 f5 16. Kb1 Kb8 17. exf5 Nxf5 18. g4 Ne7 19. Ne4 {½-½ (51) David,A (2436)-Brinovec,D (2279) Graz 2020}) 13... dxe4 14. fxe4 O-O 15. Rd1 Rad8 16. O-O c5 17. Qg3 Qxg3 18. Nxg3 cxd4 19. Rxd4 {[%emt 0:00:50] [#] aiming for Rfd1.} Nc6 20. Rd6 Nc5 21. Rfd1 Rxd6 22. Rxd6 Rd8 23. Rxd8+ {[%emt 0:02:44] Weighted Error Value: White=0.08 (flawless) /Black=0.04 (flawless)} 1/2-1/2

[Event "GER-ch Youth-U18 2022"]
[Site "Willingen"]
[Date "2022.06.06"]
[Round "3.9"]
[White "Zackrisson, Peter"]
[Black "Boder, Jan"]
[Result "1/2-1/2"]
[ECO "C83"]
[WhiteElo "2015"]
[BlackElo "2334"]
[Annotator "TA"]
[PlyCount "83"]
[EventDate "2022.06.05"]
[EventType "swiss"]
[EventRounds "9"]
[EventCountry "GER"]
[SourceTitle "playchess.com"]
[Source "ChessBase"]
[SourceQuality "1"]
[TimeControl "40/4500+30:900+30"]

1. e4 e5 2. Nf3 Nc6 3. Bb5 a6 4. Ba4 Nf6 5. O-O Nxe4 6. d4 b5 7. Bb3 d5 8. dxe5 Be6 9. c3 Be7 10. Nbd2 Nc5 11. Bc2 d4 12. Ne4 d3 {[%emt 0:26:08] C83: Open Ruy Lopez: 9 c3 Be7.} 13. Nxc5 dxc2 14. Qxd8+ Rxd8 ({But not} 14... Bxd8 15. Nxe6 fxe6 16. Be3 $16) 15. Nxe6 fxe6 16. Be3 Rd5 17. Rac1 Nxe5 18. Nxe5 Rxe5 19. Rxc2 Kf7 20. c4 {[%emt 0:03:49] [#]} Bd6 $146 ({Predecessor:} 20... b4 21. Rd1 Rd8 22. Rxd8 Bxd8 23. Kf1 Bg5 24. Bd4 Ra5 25. b3 Bf6 26. Be3 Bg5 {½-½ (67) Anand,V (2751)-Mamedyarov,S (2759) Stavanger 2022}) 21. Rd1 bxc4 22. Rxc4 Ra5 23. a3 Rb8 24. Bd4 Rd5 {[%emt 0:01:55] [#] aiming for ...e5.} 25. Re1 g5 26. Bc3 h5 27. g3 e5 28. Rce4 Rbb5 29. Kg2 Rbc5 30. R1e2 {[%emt 0:01:08] White is more active.} Rb5 31. Re1 (31. a4 $16 Rbc5 32. R2e3) 31... Kg6 (31... Rbc5 $1 $11 {keeps the balance.}) 32. h3 $16 Rbc5 33. Kf3 Rd3+ 34. Kg2 (34. R1e3 $16 Rdd5 35. Re1) 34... Kf5 (34... Rdd5 $1 $11 {remains equal.}) 35. Ra4 a5 36. Bxa5 (36. g4+ $16 hxg4 37. hxg4+ Kg6 38. Rh1 (38. Bxa5 Rc2 $14)) 36... Rd4 $11 {[%emt 0:01:47] The position is equal.} 37. Bb4 Rb5 38. Ra7 {[%emt 0:02:48] With the idea Bc3.} Bxb4 39. axb4 Rc4 40. b3 Rcxb4 41. Rxc7 Rxb3 42. Rf7+ {[%emt 0:00:21] Weighted Error Value: White=0.14 (very precise) /Black=0.15 (very precise)} 1/2-1/2

[Event "GER-ch Youth-U18 2022"]
[Site "Willingen"]
[Date "2022.06.06"]
[Round "3.10"]
[White "Rohde, Niclas"]
[Black "Jeschke, Jan"]
[Result "0-1"]
[ECO "B23"]
[WhiteElo "1730"]
[BlackElo "2130"]
[Annotator "TA"]
[PlyCount "132"]
[EventDate "2022.06.05"]
[EventType "swiss"]
[EventRounds "9"]
[EventCountry "GER"]
[SourceTitle "playchess.com"]
[Source "ChessBase"]
[SourceQuality "1"]
[TimeControl "40/4500+30:900+30"]

1. e4 c5 2. Nc3 Nc6 3. f4 g6 4. Nf3 Bg7 5. d3 e6 6. g3 Nge7 7. Bg2 O-O 8. O-O d5 9. h3 {[%emt 0:02:52] [#]} Bd7 $146 {[%emt 0:14:44] B24: Closed Sicilian: 3 g3 sidelines.} ({Predecessor:} 9... Rb8 10. Kh2 b5 11. e5 b4 12. Ne2 f6 13. exf6 Bxf6 14. d4 Ba6 15. dxc5 Qa5 16. Be3 Bxb2 17. Rb1 {1-0 (31) Polok,K (2272)-Golubev,M (2461) Chess.com INT 2020}) 10. Kh2 Rc8 11. g4 Nd4 {[%emt 0:15:24] Black is slightly better.} 12. Ne5 Be8 13. g5 f6 14. Ng4 f5 15. Ne3 Bc6 16. e5 b5 17. Nb1 {[%emt 0:10:49] aiming for c3.} Be8 18. c3 Ndc6 19. Nc2 a5 20. d4 c4 21. a3 Qb6 22. Bd2 Kf7 23. Kg3 Rh8 24. Rh1 Rb8 25. Be1 Bd7 26. Nd2 b4 27. axb4 axb4 28. Nf3 bxc3 29. Bxc3 Ra8 30. Qd2 Rhb8 31. Ra3 Rxa3 32. Nxa3 Bf8 33. Ra1 Nc8 34. Nc2 Qb3 35. Nfe1 Nb6 36. Rc1 ({Only move:} 36. Ne3 $1 $15) 36... Na4 $19 37. Ne3 (37. h4 {was necessary.}) 37... Nb4 $2 ({Avoid the trap} 37... Nxb2 $2 38. Rb1 Bb4 39. Nd1 $19) (37... Nxc3 $19 38. bxc3 Ba3) 38. Bf3 $17 Na2 {[%emt 0:01:38] Black is more active.} 39. Bd1 {[%emt 0:00:36] [#]} (39. Rc2 $17 {might work better.}) 39... Qb7 (39... Qb5 $1 $19 {is more deadly.} 40. Bxa4 Qxa4) 40. Ra1 (40. Bxa4 $17 {only move.} Bxa4 41. Ra1) 40... N2xc3 $19 41. bxc3 {[%emt 0:15:21] [#]} Nxc3 {[%emt 0:00:00][%mdl 512] Strongly threatening ...Ne4+.} 42. Qxc3 {[%emt 0:00:00] Threatens to win with Qc1.} (42. Bf3 Ne4+) 42... Bb4 {[%emt 0:00:00][%cal Bf8b4,Bb4e1,Be1d2][%mdl 96] Skewer, Deflection} 43. Qc1 Bxe1+ 44. Kg2 Qb2+ 45. Qxb2 Rxb2+ 46. Kf1 Bd2 {[%emt 0:00:00] Black is clearly winning.} 47. Ra7 Ke8 48. Ra8+ Ke7 49. Ra7 Kd8 (49... Bxe3 $2 50. Ba4 Rb8 51. Rxd7+ Kf8 52. Ke2 Bxf4 53. h4 $19) 50. Ra8+ Kc7 51. Ke2 c3 {[%emt 0:00:00] And now ...Bb5+ would win.} 52. Ba4 Bc8 53. Ra5 (53. Ra7+ $142 Bb7 54. Bd1) 53... Kb6 54. Rc5 Ba6+ 55. Kf3 Rb4 56. Nxd5+ exd5 57. e6 Rxa4 58. e7 {[%emt 0:00:14] [#]} Be2+ $1 59. Kxe2 {[%emt 0:00:35][%mdl 4096] Endgame KRB-KR} Ra8 60. Rxd5 Re8 ({Not} 60... Bxf4 61. Rd8 c2 62. Rxa8 $11) 61. Re5 Kc6 62. Kd3 Kd6 63. Ra5 Rxe7 64. Ra6+ Kd7 {[%emt 0:00:31] White must now prevent ...Re3+.} 65. d5 Re3+ 66. Kc2 Rxh3 {[%emt 0:00:11] Weighted Error Value: White=0.56/Black=0.25 (precise)} 0-1

[Event "GER-ch Youth-U18 2022"]
[Site "Willingen"]
[Date "2022.06.06"]
[Round "3.11"]
[White "Wehrle, Maximilian"]
[Black "Leonard, Timo"]
[Result "0-1"]
[ECO "D43"]
[WhiteElo "1786"]
[BlackElo "2018"]
[Annotator "TA"]
[PlyCount "86"]
[EventDate "2022.06.05"]
[EventType "swiss"]
[EventRounds "9"]
[EventCountry "GER"]
[SourceTitle "playchess.com"]
[Source "ChessBase"]
[SourceQuality "1"]
[TimeControl "40/4500+30:900+30"]

1. d4 d5 2. c4 c6 3. Nf3 Nf6 4. Nc3 e6 5. g3 dxc4 6. a4 Bb4 7. Bg2 Nbd7 8. O-O O-O 9. Qc2 a5 {[%emt 0:01:15] [#]} 10. Bg5 $146 {[%emt 0:09:18] E01: Catalan: Early deviations.} ({Predecessor:} 10. e4 e5 11. dxe5 Ng4 12. Bf4 Qe7 13. e6 Qxe6 14. Rad1 Nge5 15. Nd4 Qe8 16. Nf5 g6 17. Ne3 Qe6 {½-½ (34) Sarana,A (2649)-Volkov,S (2557) Cheboksary 2021}) 10... h6 11. Bc1 Qe7 12. Rd1 {[%emt 0:02:25] Black is slightly better.} Re8 (12... e5) ({Black should play} 12... e5 $17) 13. e4 (13. Ne5 $11) 13... e5 $17 14. dxe5 Ng4 15. e6 Qxe6 16. Nd4 Qf6 17. f4 (17. f3 Nge5 18. f4) 17... Bc5 18. Nce2 Qd8 {[%emt 0:12:30] Black is more active.} (18... Nf8 $17 {Hoping for ...Ne6.} 19. Qc3 Ne6) 19. h3 $11 Ngf6 20. Kh2 Qb6 21. e5 Nd5 22. Nf5 ({White should try} 22. Qxc4 $11 Nf8 23. Bxd5 cxd5 24. Qxd5) 22... Nf8 $15 {[%emt 0:08:07] Strongly threatening ...Nb4.} 23. Bxd5 (23. Nfd4 $15) 23... cxd5 $19 24. Rxd5 $2 (24. g4 $17) 24... Be6 (24... Rd8 $142 25. Rxc5 (25. Rxd8 $2 Bxf5 26. Qxf5 Rxd8 $19) 25... Bxf5 26. Qxf5 (26. Qxc4 $2 Ne6 $19) 26... Qxc5) 25. Rd1 Red8 {[%emt 0:00:52] Against Nfd4. ...Bxf5 is the strong threat.} 26. Nh4 (26. Rf1) 26... Rxd1 27. Qxd1 Rd8 28. Qc2 Be7 29. Ng2 Rd3 {[%emt 0:02:26] Inhibits Be3.} 30. f5 $2 (30. Be3 Rxe3 31. Nxe3 Qxe3 32. Nc3) 30... Bxf5 {[%emt 0:01:54] And now ...Qf2 would win.} 31. Nef4 {[%emt 0:00:11] [#]} Bb4 $2 32. Qxc4 {[%emt 0:01:18] [#]} Rf3 ({Stronger than} 32... Rd1 33. Be3 Qd8 34. Bb6 $15) (32... Rd4 $1 $19 33. Qf1 Qc6) 33. g4 $2 (33. Be3 $1 $11 Qa6 34. Qxa6 bxa6 35. Ne2) 33... Be6 {[%emt 0:01:21] Really sharp! A strong pair of Bishops.} 34. Qe4 Qf2 {[%emt 0:00:53] ( -> ...Qg3+)} 35. Be3 Qg3+ 36. Kh1 (36. Kg1 $142 Bd7 37. Rf1 Rxf1+ 38. Kxf1) 36... h5 37. Nxe6 $2 (37. Bg1) 37... Qxh3+ 38. Kg1 Nxe6 39. Rc1 hxg4 40. Rc8+ Bf8 41. Rc2 Qh5 {[%emt 0:00:00] aiming for ...g3.} 42. Nf4 Nxf4 43. Bxf4 Qh3 {[%emt 0:00:00] Weighted Error Value: White=0.88/Black=0.53} 0-1

[Event "GER-ch Youth-U18 2022"]
[Site "Willingen"]
[Date "2022.06.06"]
[Round "3.12"]
[White "Muller, Magnus"]
[Black "Kallweit, Paul"]
[Result "1/2-1/2"]
[ECO "B12"]
[WhiteElo "1464"]
[BlackElo "1863"]
[Annotator "NA RC COMBH"]
[PlyCount "112"]
[EventDate "2022.06.05"]
[EventType "swiss"]
[EventRounds "9"]
[EventCountry "GER"]
[SourceTitle "playchess.com"]
[Source "ChessBase"]
[SourceQuality "1"]
[TimeControl "40/4500+30:900+30"]

1. e4 c6 2. d4 d5 3. e5 Bf5 4. h4 h6 5. g4 Be4 6. f3 Bh7 7. e6 Qd6 8. exf7+ Kxf7 9. Bd3 Bxd3 10. Qxd3 Nd7 11. Ne2 e5 12. Nbc3 $11 ({Of course not} 12. Qf5+ Ngf6 13. Be3 g6 $15) 12... Re8 13. Be3 exd4 14. Bxd4 Ne5 15. Bxe5 Qxe5 16. h5 Bc5 17. O-O-O Qe3+ 18. Kb1 Qxd3 19. cxd3 Nf6 20. Ng3 Re3 21. Rhf1 Rhe8 22. Kc2 Bf8 23. Nf5 R3e6 24. Nd4 Re3 25. Nf5 R3e6 26. d4 b6 27. a3 Rd8 28. Rf2 c5 29. Ne2 Rde8 30. Nf4 Re1 31. Nd3 Rxd1 32. Kxd1 Nd7 33. Rc2 a5 34. Nf4 Nf6 35. Ng6 c4 36. Ne5+ Kg8 37. Re2 Re6 38. Ne3 b5 39. f4 b4 40. axb4 axb4 41. Rh2 Ra6 42. g5 hxg5 43. fxg5 Ne4 44. h6 gxh6 45. gxh6 Rxh6 46. Rxh6 Bxh6 47. Nxd5 Bg7 48. Nxb4 Bxe5 49. dxe5 Kf7 50. Ke2 c3 51. bxc3 Nxc3+ 52. Kd3 Na4 53. Ke4 Ke6 54. Nd3 Nc3+ 55. Kf3 Nd5 56. Nf4+ Kxe5 1/2-1/2

[Event "GER-ch Youth-U18 2022"]
[Site "Willingen"]
[Date "2022.06.06"]
[Round "3.13"]
[White "Orf, Niklas"]
[Black "Mankel, Luca"]
[Result "1/2-1/2"]
[ECO "E10"]
[WhiteElo "1797"]
[BlackElo "2010"]
[Annotator "TA"]
[PlyCount "75"]
[EventDate "2022.06.05"]
[EventType "swiss"]
[EventRounds "9"]
[EventCountry "GER"]
[SourceTitle "playchess.com"]
[Source "ChessBase"]
[SourceQuality "1"]
[TimeControl "40/4500+30:900+30"]

1. d4 c5 2. d5 Nf6 3. Nf3 e6 4. c4 b5 5. e3 exd5 6. cxd5 {[%emt 0:00:34] E10: Blumenfeld Gambit.} a6 7. a4 b4 8. Bc4 {[%emt 0:01:48] Hoping for d6. White is slightly better.} d6 9. O-O g6 {[%emt 0:00:00] [#]} 10. b3 $146 (10. e4 $14) ({Predecessor:} 10. Re1 Bg7 11. e4 O-O 12. e5 dxe5 13. Nxe5 Nfd7 14. Bf4 Nb6 15. Qb3 Bb7 16. d6 Nxc4 17. Nxc4 Nc6 18. d7 Nd4 19. Qd1 Qxd7 20. Nb6 Qc6 {0-1 (20) Lada,M (1961)-Hasterok,M (2108) Katowice 2020}) 10... Bg7 $11 11. Bb2 O-O 12. Nbd2 Re8 13. Re1 Bf5 14. Ra2 Ne4 (14... Nbd7) ({Black should play} 14... Nbd7 $11) 15. Bxg7 Kxg7 16. Nxe4 Bxe4 17. Nd2 Qf6 (17... Nd7 $2 18. f3 $18) 18. Nxe4 Rxe4 19. Qd3 Re7 20. f4 Qf5 21. Qxf5 gxf5 22. Bd3 Kf6 (22... Nd7 $11 {is more appropriate.}) 23. a5 $14 Nd7 24. Rae2 Nf8 25. Kf2 Ng6 26. h3 h5 $1 {[%emt 0:00:35] Against g4} 27. g3 Ree8 28. g4 (28. Kf3 $14 {should be considered.}) 28... hxg4 $11 29. hxg4 fxg4 30. Kg3 {[%emt 0:01:20] Prevents Nh4.} Rh8 {[%emt 0:04:18] [#] Inhibits Rh1. And now ...Rh3+ would win.} 31. Kxg4 (31. Rh2 $1 $15) 31... Rag8 32. Bxg6 Kxg6 $17 {[%emt 0:01:27][%mdl 4096] Endgame KRR-KRR} 33. Kf3 f5 (33... Kf6 $17 {Strongly threatening ...Rh3+.} 34. Rd2 Kf5 35. e4+ Kf6 36. e5+ Kf5) 34. Rg2+ {[%emt 0:00:34] The position is equal.} Kf7 35. Rxg8 Kxg8 36. Kg2 Kf7 37. Kg3 Kf6 38. Kg2 {[%emt 0:01:21] Weighted Error Value: White=0.16 (very precise) /Black=0.15 (very precise)} 1/2-1/2

[Event "GER-ch Youth-U18 2022"]
[Site "Willingen"]
[Date "2022.06.06"]
[Round "3.14"]
[White "Chen, Qingzhi Alexander"]
[Black "Dietlmeier, Tobias"]
[Result "1-0"]
[ECO "B76"]
[WhiteElo "1879"]
[BlackElo "1886"]
[Annotator "NA RC COMBH"]
[PlyCount "97"]
[EventDate "2022.06.05"]
[EventType "swiss"]
[EventRounds "9"]
[EventCountry "GER"]
[SourceTitle "playchess.com"]
[Source "ChessBase"]
[SourceQuality "1"]
[TimeControl "40/4500+30:900+30"]

1. e4 c5 2. Nf3 d6 3. d4 cxd4 4. Nxd4 Nf6 5. Nc3 g6 6. Be3 Bg7 7. f3 O-O 8. Qd2 Nc6 9. g4 e6 10. O-O-O d5 11. g5 Ne8 12. Nb3 d4 13. Nxd4 Nxd4 14. Bxd4 Bxd4 15. Qxd4 Qxg5+ 16. Kb1 b6 17. h4 Qf4 {[%emt 0:06:26] [#]} 18. h5 $1 Qxf3 19. Be2 Qf6 20. e5 Qe7 {[%emt 0:07:55] [#]} 21. Ne4 $14 (21. Bf3 $1 $18 Bb7 22. Bxb7 Qxb7 23. Qf4) 21... Bb7 22. Bf3 Rc8 23. Nf6+ Nxf6 24. exf6 Qc7 25. Bxb7 Qxb7 26. Qe3 Kh8 27. Qh6 Rg8 28. Rdg1 g5 29. Rh2 Rc5 30. Rd2 Rd5 31. Rdg2 Rf5 32. Rd2 Rd5 33. Rdg2 Qd7 34. Kc1 Qd6 35. Rg4 Qc5 36. a4 Qe3+ 37. Kb1 Qd2 38. R4g2 Qa5 39. Rg4 Re5 40. Rd4 Rd5 41. Rdg4 Re5 42. Rc4 Rc5 43. Rd4 b5 44. Rd7 Qxa4 45. Rc1 Rcc8 46. Rxf7 Qe4 47. Rxa7 Rcf8 48. Rf1 g4 49. Qg7+ 1-0

[Event "GER-ch Youth-U18 2022"]
[Site "Willingen"]
[Date "2022.06.07"]
[Round "4.1"]
[White "von Mettenheim, Johannes"]
[Black "Fromm, Marius"]
[Result "0-1"]
[ECO "D30"]
[WhiteElo "2176"]
[BlackElo "2317"]
[Annotator "TA"]
[PlyCount "48"]
[EventDate "2022.06.05"]
[EventType "swiss"]
[EventRounds "9"]
[EventCountry "GER"]
[SourceTitle "playchess.com"]
[Source "ChessBase"]
[SourceQuality "1"]
[TimeControl "40/4500+30:900+30"]

1. d4 d5 2. c4 e6 3. Nf3 a6 4. g3 dxc4 5. Bg2 b5 6. Ne5 {[%emt 0:00:00] D30: Queen's Gambit Declined: Systems without Nc3.} c6 7. O-O Bb7 8. b3 {[%emt 0:00:00] The position is equal.} cxb3 9. a4 Nf6 10. Bb2 Be7 11. Nd2 {[%emt 0:00:00] [#]} Qb6 $146 ({Predecessor:} 11... O-O 12. Nxb3 Qb6 13. Nc5 Rd8 14. a5 Qc7 15. Nxb7 Qxb7 16. Qb3 Nd5 17. Rfc1 Ra7 {1-0 (38) Tisaj,D (2356)-Hofer,E (2216) Innsbruck 2021}) 12. Nxb3 Nbd7 13. a5 Qc7 {[%emt 0:09:57] ...Nxe5 is the strong threat.} 14. Qc2 $2 {[%emt 0:03:00] This costs White the game.} (14. Nd3 $11 {and White is okay.}) 14... Nxe5 $19 15. dxe5 {[%emt 0:00:06] [#]} Nd7 16. Bd4 c5 {[%emt 0:01:55] Threatens to win with ...Bxg2.} 17. Bxb7 Qxb7 18. Nxc5 (18. Bc3) 18... Nxc5 {[%emt 0:03:07] Black is clearly winning.} 19. f4 {[%emt 0:19:30] [#]} O-O $1 20. g4 (20. Rab1 Rac8) 20... Rac8 {[%emt 0:00:26] aiming for ...Qd5.} 21. f5 Qe4 22. Qxe4 Nxe4 23. Bb6 Nc3 24. Kg2 Rc4 {[%emt 0:00:40] Weighted Error Value: White=0.67/Black=0.12 (very precise)} 0-1